 Dungeon Crawl Stone Soup version 0.30-a0-219-gf2db51d15e (webtiles) character file.

Game seed: 6596386317797724854

18 Decritt the Trooper (level 2, -6/24 HPs)
             Began as a Demonspawn Chaos Knight on Oct 7, 2022.
             Was a Plaything of Xom.
             Mangled by a shock serpent (glowing shapeshifter) (15 damage)
             ... on level 2 of the Dungeon.
             The game lasted 00:02:11 (761 turns).

Decritt the Trooper (Demonspawn Chaos Knight)        Turns: 761, Time: 00:02:11

Health: -6/24      AC:  5    Str: 12    XL:     2   Next: 51%
Magic:  2/2        EV: 11    Int: 13    God:    Xom [..*...]
Gold:   42         SH:  0    Dex: 12    Spells: 1/1 levels left

rFire   . . .      SeeInvis .    a - +0 hand axe (chaos)
rCold   . . .      Faith    .    (no shield)
rNeg    . . .      Spirit   .    b - +2 leather armour
rPois   .          Reflect  .    (no helmet)
rElec   .          Harm     .    (no cloak)
rCorr   .          Rampage  .    (no gloves)
Will    .....                    (no boots)
Stlth   +.........               (no amulet)
HPRegen 0.24/turn                f - ring of wizardry
MPRegen 0.08/turn                (no ring)

@: no status effects
A: hooves 1
a: Renounce Religion


You were on level 2 of the Dungeon.
You worshipped Xom.
You were a toy of Xom.
You visited 1 branch of the dungeon, and saw 2 of its levels.

You collected 42 gold pieces.

Inventory:

Hand Weapons
 a - a +0 hand axe of chaos (weapon)
Armour
 b - a +2 leather armour (worn)
Jewellery
 f - a ring of wizardry (left hand)
Scrolls
 g - a scroll of blinking {unknown}
 h - a scroll of teleportation {unknown}
 j - a scroll of identify {unknown}
 k - a scroll of butterflies {unknown}
Potions
 d - 2 potions of heal wounds {unknown}
 e - 4 potions of attraction {unknown}
 i - a potion of magic {unknown}
Miscellaneous
 c - a piece from Xom's chessboard (10/15)


   Skills:
 + Level 3.2 Fighting
 + Level 2.9 Axes
 + Level 2.1 Armour
 + Level 1.3 Dodging


You had one spell level left.
You didn't know any spells.
Your spell library was empty.

Dungeon Overview and Level Annotations

Branches:
Dungeon (2/15)

Altars:


Innate Abilities, Weirdness & Mutations

You have large cloven feet.


Message History

A ball python comes into view.
Found a robe.
The ball python hisses angrily.
The ball python barely misses you. The ball python grabs you.
The ball python constricts you.
The ball python bites you but does no damage.
The ball python constricts you.
You closely miss the ball python. The ball python bites you.
The ball python constricts you.
You hit the ball python.
You kill the ball python!
No target in view!
No target in view!
Done exploring.
Done exploring.
(D) Dungeon
Where to? (? - help)
There is a stone staircase leading down here.
You climb downwards.
There is a stone staircase leading up here.
k - a scroll labelled QOSIOS XUQICIA You now have 42 gold pieces (gained 13).
A worm comes into view.
A worm is nearby!
You slash the worm!
The worm evaporates and reforms as a hog!
Your kick misses the hog. The hog bites you but does no damage.
You hit the hog but do no damage.
The hog changes into a glowing shapeshifter!
Xom thinks this is hilarious!
The glowing shapeshifter changes into a shock serpent!
You closely miss the shock serpent. The shock serpent bites you.
The shock serpent shocks you!
Ouch! That really hurt!
* * * LOW HITPOINT WARNING * * *
You make a move on Xom's chessboard...
The shock serpent seems to slow down.
The shock serpent bites you!
Ouch! That really hurt!
You die...
Xom giggles madly!

### ..# ..# ..####
..######.....
.......S..# #.
#.@.### #.
#.#....#
#.####.#.##.# ..
#.#.........#
....##........####
#........#####
###########.#.#
............#...
.################


You could see a shock serpent shaped shifter (slow).

Vanquished Creatures
  3 ball pythons (D:1)
  A giant cockroach (D:1)
  3 hobgoblins (D:1)
  A kobold (D:1)
  4 bats (D:1)
  2 frilled lizards (D:1)
  2 goblins (D:1)
  A rat (D:1)
17 creatures vanquished.

Notes
Turn   | Place    | Note
-------+----------+-------------------------------------------
     0 | D:1      | Decritt the Demonspawn Chaos Knight began the quest for the
                  | Orb.
     0 | D:1      | Reached XP level 1. HP: 18/18 MP: 1/1
    20 | D:1      | Reached skill level 1 in Dodging
   201 | D:1      | Gained mutation: You have large cloven feet. [demonic
                  | ancestry]
   201 | D:1      | Reached XP level 2. HP: 24/24 MP: 2/2
   561 | D:1      | XOM: divination: detect creatures
   758 | D:2      | a worm changed into a hog
   758 | D:2      | Noticed a hog
   759 | D:2      | a hog changed into a glowing shapeshifter
   759 | D:2      | Noticed a glowing shapeshifter (glowing shapeshifter)
   759 | D:2      | a glowing shapeshifter changed into a shock serpent
   759 | D:2      | Noticed a shock serpent (glowing shapeshifter)
   761 | D:2      | Mangled by a shock serpent (glowing shapeshifter)

Illustrated notes

Levels and vault maps discovered:
D:1:      dpeg_arrival_rooms_c, layout_basic, chequers_serial_rivers_large_b,
          minivault_4, minmay_pentomino_q2
D:2:      layout_basic, uniq_jessica

Skill      XL: |  1 |
---------------+----+-----
Dodging        | 1 |  1.3
Armour         | 2 |  2.1
Fighting       | |  3.2
Axes           | |  2.9

Action                   || total
-------------------------++-------
Melee: Hand axe          ||    34
       Kick              ||     3
Evoke: Piece from Xom's  ||     6
 Stab: Confused          ||     1
       Petrified         ||     1
       Sleeping          ||     1
Armor: Leather armour    ||    16
Dodge: Dodged            ||    13

Table legend: (Time is in decaauts)
 A = Elapsed time spent in this place.
 B = Non-inter-level travel time spent in this place.
 C = Inter-level travel time spent in this place.
 D = Time resting spent in this place.
 E = Time spent auto-exploring this place.
 F = Levels seen in this place.
 G = Mean time per level.
                   A        B        C        D        E       F      G
               +--------+--------+--------+--------+--------+-----+--------+
         Total |    815 |    782 |     33 |      0 |    660 |   2 |  407.5 |
       Dungeon |    815 |    782 |     33 |      0 |    660 |   2 |  407.5 |
               +--------+--------+--------+--------+--------+-----+--------+

Top non-repeatable levels by time:
     D:1: 786 daAuts
     D:2: 29 daAuts
